 Dungeon Crawl Stone Soup version 0.19-a0-1662-gb81896f (webtiles) character file.

283 Naow the Cleaver (level 6, -4/78 HPs)
             Began as a Minotaur Berserker on Sept 21, 2016.
             Was a Priest of Trog.
             Slain by a centaur
             ... wielding a cursed +0 shortbow
              (9 damage)
             ... on level 5 of the Dungeon.
             The game lasted 00:06:32 (3445 turns).

Naow the Cleaver (Minotaur Berserker)               Turns: 3445, Time: 00:06:34

Health: -4/78      AC:  2    Str: 29    XL:     6   Next: 7%
Magic:  5/5        EV: 12    Int:  4    God:    Trog [***...]
Gold:   283        SH:  0    Dex:  9    Spells: 0 memorised, 5 levels left

rFire  . . .     SeeInvis .     a - +0 hand axe
rCold  . . .     Gourm    .     b - +0 animal skin
rNeg   . . .     Faith    .     (no shield)
rPois  .         Spirit   .     (helmet restricted)
rElec  .         Dismiss  .     (no cloak)
rCorr  .         Reflect  .     (no gloves)
MR     .....     Harm     .     (no boots)
Stlth  ..........               (no amulet)
                                (no ring)
                                (no ring)

@: berserking, very quick
A: retaliatory headbutt, horns 2
a: Berserk, Trog's Hand, Burn Spellbooks, Renounce Religion


You were on level 5 of the Dungeon.
You worshipped Trog.
Trog was most pleased with you.
You were hungry.

You visited 1 branch of the dungeon, and saw 5 of its levels.

You collected 283 gold pieces.

Inventory:

Hand Weapons
 a - a +0 hand axe (weapon)
Armour
 b - a +0 animal skin (worn)
 y - a +0 chain mail
Jewellery
 q - an uncursed amulet of regeneration {unknown}
 t - an uncursed amulet of magic regeneration {unknown}
 w - a +2 ring of dexterity {unknown}
Wands
 u - a wand of lightning (5/15)
 x - a wand of acid (5/15)
Scrolls
 d - 3 scrolls of immolation {unknown}
 g - a scroll of amnesia {unknown}
 i - 2 scrolls of noise {unknown}
 j - 2 scrolls of remove curse {unknown}
 k - 2 scrolls of recharging {unknown}
 m - 2 scrolls of enchant armour {unknown}
 o - 2 scrolls of enchant weapon {unknown}
 p - 8 scrolls of identify {unknown}
 s - a scroll of teleportation {unknown}
 z - 2 scrolls of fear {unknown}
 B - a scroll of fog {unknown}
Potions
 e - 3 potions of flight {unknown}
 f - 2 potions of haste {unknown}
 l - 4 potions of curing {unknown}
 v - a potion of ambrosia {unknown}
 A - a potion of lignification {unknown}
Comestibles
 c - 2 bread rations
 h - 3 fruits
 n - 2 meat rations
 r - 3 beef jerkies


   Skills:
 - Level 3.7 Fighting
 + Level 8.2 Axes
 - Level 2.4 Armour
 - Level 2.1 Dodging


You had 5 spell levels left.
You didn't know any spells.

Dungeon Overview and Level Annotations

Branches:
Dungeon (5/15)
 Temple: D:4-7

Altars:
Nemelex Xobeh


Innate Abilities, Weirdness & Mutations

You reflexively headbutt those who attack you in melee.
You have a pair of horns on your head.


Message History

The centaur shoots an arrow.
The arrow hits you!
You see here an arrow.
The centaur hits you with a shortbow.
* * * LOW HITPOINT WARNING * * *
The centaur hits you with a shortbow!
* * * LOW HITPOINT WARNING * * *
A red film seems to cover your vision as you go berserk!
You feel yourself moving faster!
You feel mighty!
You are feeling hungry.
The centaur hits you with a shortbow.
* * * LOW HITPOINT WARNING * * *
The frilled lizard bites you.
* * * LOW HITPOINT WARNING * * *
You slash the centaur!
The centaur is heavily wounded.
You slash the frilled lizard!
You kill the frilled lizard!
Trog accepts your kill. The centaur hits you with a shortbow!
You die...

#.# #.# # #(#
#.###.###
##.#.....#
##.....(..##
<..#...(...####
##.....(.......
..#.#..@.......
# #.###c#######
. ... . ...##
###.# #.# #..
###


You could see a centaur.

Vanquished Creatures
  An orc wizard (D:3)
  3 worker ants (D:4)
  4 gnolls (D:2)
  5 adders
  An ooze (D:4)
  An adder skeleton (D:4)
  A worm (D:3)
  A dart slug (D:1)
  4 leopard geckos
  4 orcs (D:3)
  4 giant cockroaches
  8 goblins
  7 hobgoblins
  6 jackals (D:4)
  2 ball pythons
  5 bats (D:2)
  10 frilled lizards
  11 kobolds
  7 rats
85 creatures vanquished.

Notes
Turn   | Place    | Note
-------+----------+-------------------------------------------
     0 | D:1      | Naow the Minotaur Berserker began the quest for the Orb.
     0 | D:1      | Reached XP level 1. HP: 19/19 MP: 0/0
   174 | D:1      | Reached skill level 4 in Axes
   180 | D:1      | Reached XP level 2. HP: 25/27 MP: 1/1
   471 | D:1      | You fall through a shaft!
   476 | D:2      | Reached skill level 5 in Axes
   476 | D:2      | Reached XP level 3. HP: 28/33 MP: 2/2
   533 | D:2      | Reached ** piety under Trog
   676 | D:2      | Reached XP level 4. HP: 4/40 MP: 3/3
   678 | D:2      | Reached skill level 6 in Axes
  1209 | D:2      | Found a sparkling altar of Nemelex Xobeh.
  1782 | D:3      | Reached XP level 5. HP: 39/46 MP: 4/4
  1797 | D:3      | Reached skill level 7 in Axes
  2550 | D:4      | Reached *** piety under Trog
  2670 | D:4      | Reached skill level 8 in Axes
  2670 | D:4      | Reached XP level 6. HP: 36/52 MP: 5/5
  3311 | D:5      | Entered Level 5 of the Dungeon
  3445 | D:5      | Slain by a centaur

Vault maps used:
D:1:      sevenhm_arrival_forest_fort_small_4
D:2:      nemelex_xobeh_ov_fountains_minmay, first_bread,
          kennysheep_generic_room_6

Skill      XL: |  1  2  3  4  5 |
---------------+----------------+-----
Axes           | 4 5 6 8 |  8.2
Fighting       | |  3.7
Armour         | |  2.4
Dodging        | |  2.1

Action                   |  1- 3 |  4- 6 || total
-------------------------+-------+-------++-------
Melee: Hand axe          |    55 |   106 ||   161
       Headbutt          |     7 |    23 ||    30
Invok: Berserk           |     1 |     1 ||     2
       Trog's Hand       |       |     1 ||     1
 Stab: Sleeping          |     1 |     1 ||     2
  Eat: Chunk             |       |     9 ||     9
Armor: Animal skin       |    10 |    19 ||    29
Dodge: Dodged            |    45 |    53 ||    98
